Map: Thunderbird LE

Players

Reynor - Winner!

  • Race: Zerg Zerg
  • Spawn Location: 5:00

ShoWTimE

  • Race: Protoss Protoss
  • Spawn Location: 11:00

VOD

Have the link to the VOD?

Description

Time

  • Played on: Sept. 6, 2019, 9:01 p.m.
  • Length: 21:43
Show
View Real Time Build Order
Export as new Build Order

Reynor Zerg - Winner!

Build Orders: Hatch First 

Get SALT Encoding   

  12  0:00  Drone  
  13  0:12  Overlord  
  13  0:16  Drone  
  14  0:30  Drone x2  
  16  0:47  Hatchery  
  15  0:51  Drone  
  15  0:54  Drone  
  17  0:57  Drone  
  18  1:11  Spawning Pool  
  18  1:15  Drone  
  18  1:17  Drone  
  19  1:20  Extractor  
  18  1:27  Drone  
  19  1:39  Drone  
  20  1:50  Overlord  
  20  1:58  Queen  
  20  2:00  Zergling x4  
  24  2:11  Drone x2  
  24  2:12  Queen  
  28  2:21  Drone x2  
  30  2:33  Drone, Hatchery  
  30  2:36  Drone  
  31  2:42  Overlord, Drone  
  32  2:50  Queen  
  34  2:53  Drone  
  34  2:55  Drone  
  36  3:03  Drone x2  
  38  3:08  Drone x3  
  41  3:14  Overlord, Metabolic Boost  
  41  3:17  Drone  
  42  3:21  Queen  
  44  3:31  Overlord  
  44  3:33  Drone  
  45  3:36  Drone  
  45  3:37  Drone  
  45  3:39  Spore Crawler, Drone  
  45  3:40  Drone x2  
  49  3:45  Drone, Queen  
  49  3:47  Drone  
  53  3:51  Drone  
  53  3:55  Drone  
  55  3:56  Drone x3  
  58  4:03  Spore Crawler  
  58  4:04  Queen  
  58  4:05  Spore Crawler  
  58  4:07  Overlord  
  58  4:14  Overlord  
  58  4:20  Overlord  
  58  4:25  Drone x7  
  58  4:30  Drone  
  66  4:32  Drone x3  
  66  4:35  Lair  
  66  4:36  Drone x2  
  66  4:38  Drone x2  
  73  4:39  Drone  
  73  4:40  Drone  
  75  4:47  Drone  
  75  4:51  Overlord, Extractor  
  75  4:52  Extractor  
  74  4:53  Drone  
  74  4:55  Extractor  
  74  4:56  Evolution Chamber  
  74  4:57  Extractor  
  74  4:58  Zergling x6  
  74  4:59  Drone  
  76  5:02  Drone x4  
  76  5:04  Roach Warren  
  76  5:06  Drone x2  
  81  5:07  Drone  
  81  5:08  Overlord  
  81  5:12  Zergling x4  
  84  5:17  Drone  
  85  5:22  Drone x2  
  85  5:24  Zerg Melee Weapons Level 1  
  85  5:26  Overlord  
  87  5:30  Hatchery  
  87  5:33  Hydralisk Den  
  78  5:44  Drone x11  
  78  5:47  Extractor  
  78  5:49  Baneling Nest  
  87  5:53  Zergling x2  
  87  5:54  Zergling x2  
  88  5:57  Zergling x6  
  88  6:02  Overlord  
  88  6:03  Grooved Spines  
  89  6:04  Drone  
  89  6:05  Drone  
  89  6:08  Overseer  
  91  6:12  Hydralisk  
  91  6:13  Hydralisk x3  
  97  6:20  Drone x3  
  97  6:22  Hydralisk  
  97  6:23  Hydralisk  
  102  6:29  Drone x2  
  104  6:36  Drone x2  
  104  6:37  Drone x2, Centrifical Hooks  
  104  6:39  Overlord  
  108  6:41  Hydralisk x2  
  108  6:43  Evolution Chamber  
  108  6:45  Hydralisk  
  108  6:46  Zergling x6  
  116  6:53  Hydralisk x2  
  120  6:56  Overlord x3  
  120  6:58  Drone x4  
  124  7:05  Drone x3  
  124  7:06  Drone  
  128  7:10  Zerg Missile Weapons Level 1  
  128  7:12  Hydralisk  
  128  7:15  Zergling x6  
  130  7:17  Muscular Augments  
  130  7:21  Overlord  
  130  7:24  Drone  
  130  7:25  Drone x3  
  130  7:27  Drone x2  
  136  7:33  Overlord, Zergling x2  
  136  7:34  Zergling x14  
  136  7:35  Hatchery  
  136  7:36  Zerg Melee Weapons Level 2  
  142  7:41  Zergling x12  
  148  7:44  Drone  
  148  7:49  Overlord  
  146  7:54  Drone x4  
  146  7:57  Spore Crawler  
  147  8:01  Zergling x4  
  147  8:02  Zergling x2  
  147  8:05  Baneling x13  
  150  8:13  Hydralisk  
  150  8:14  Zergling x16  
  150  8:19  Baneling  
  160  8:20  Baneling  
  160  8:23  Overlord  
  154  8:31  Hydralisk  
  154  8:32  Zergling x22  
  155  8:37  Hydralisk  
  155  8:38  Zergling x8  
  156  8:42  Drone  
  156  8:44  Drone  
  156  8:45  Drone x3  
  156  8:47  Drone x3  
  157  8:51  Infestation Pit  
  157  8:53  Baneling x11  
  156  8:56  Zergling x6  
  156  8:58  Drone x2  
  156  9:02  Drone x4  
  165  9:09  Baneling  
  165  9:10  Baneling x11, Zergling x6  
  165  9:11  Zergling x8  
  165  9:13  Overlord  
  165  9:14  Zergling x2, Hydralisk  
  165  9:15  Zergling x8, Zerg Missile Weapons Level 2  
  179  9:19  Baneling x7  
  179  9:20  Zergling x2  
  180  9:24  Overlord  
  180  9:29  Hive  
  180  9:30  Zergling x2  
  180  9:31  Spire, Zergling x2  
  181  9:35  Overlord  
  181  9:37  Drone x4  
  183  9:39  Zergling x18, Extractor  
  183  9:41  Baneling x5  
  183  9:44  Overseer  
  185  9:48  Hatchery  
  184  9:55  Pneumatized Carapace  
  184  9:56  Drone x2  
  184  9:57  Drone x2  
  184  9:59  Extractor  
  187  10:03  Zergling x14  
  187  10:04  Zergling x10  
  187  10:07  Zerg Ground Armor Level 1  
  199  10:15  Extractor  
  198  10:22  Zergling x4  
  197  10:33  Baneling x9  
  193  10:36  Drone x2  
  194  10:53  Zergling x24  
  194  10:56  Greater Spire  
  172  11:24  Corruptor x8  
  180  11:30  Extractor  
  179  11:33  Drone x3  
  179  11:39  Adrenal Glands  
  181  11:40  Zergling x2  
  181  11:41  Zergling x36  
  181  11:44  Baneling x4  
  181  11:46  Overseer  
  200  11:51  Spore Crawler, Extractor x2, Queen, Spine Crawler x2  
  193  12:04  Zerg Ground Armor Level 2  
  193  12:06  Zerg Melee Weapons Level 3  
  192  12:12  Brood Lord x3  
  198  12:16  Spine Crawler  
  198  12:17  Baneling x9  
  198  12:19  Spine Crawler  
  198  12:21  Brood Lord x2  
  200  12:29  Brood Lord  
  198  12:33  Brood Lord x2  
  195  12:39  Zergling x12  
  195  12:40  Spine Crawler x2  
  195  12:41  Spine Crawler  
  195  12:42  Overlord, Spine Crawler  
  194  12:51  Zergling x12  
  199  12:55  Overlord  
  199  12:56  Spine Crawler  
  197  13:06  Spire  
  197  13:08  Spire  
  191  13:17  Zergling x16  
  199  13:21  Baneling x5  
  199  13:30  Spine Crawler  
  199  13:33  Spine Crawler  
  170  14:01  Hydralisk x5  
  170  14:02  Zergling x24  
  177  14:07  Zergling x2, Hydralisk  
  177  14:08  Zergling x30  
  177  14:09  Zergling x4  
  171  14:17  Baneling x6  
  171  14:20  Zergling x2, Hydralisk  
  171  14:21  Zergling x18  
  183  14:26  Zerg Flyer Armor Level 1, Zerg Flyer Weapons Level 1  
  183  14:28  Hydralisk x2  
  187  14:31  Baneling  
  187  14:32  Baneling x7  
  187  14:34  Drone x4  
  187  14:35  Drone  
  192  14:41  Baneling x4  
  192  14:48  Drone x2  
  192  14:49  Drone x4  
  192  14:52  Pathogen Glands  
  198  15:01  Hatchery  
  198  15:03  Zergling x6  
  200  15:13  Hydralisk  
  180  15:18  Zergling x30  
  189  15:29  Zergling x2  
  189  15:30  Zergling x20  
  196  15:44  Baneling x6  
  196  15:49  Infestor x2  
  191  16:09  Infestor x4  
  179  16:22  Zergling x16  
  179  16:23  Zergling x18  
  179  16:25  Zergling x6, Hydralisk  
  173  16:26  Zergling x10  
  173  16:27  Overseer  
  173  16:30  Queen  
  173  16:32  Infestor  
  184  16:33  Spore Crawler  
  184  16:36  Corruptor x4  
  184  16:37  Spore Crawler, Zergling x8  
  192  16:40  Corruptor x2, Spore Crawler x3  
  192  16:41  Corruptor, Zergling x2  
  192  16:43  Baneling  
  192  16:44  Baneling x18, Overseer x3  
  193  16:49  Corruptor  
  193  16:50  Zergling x12  
  193  16:51  Zergling x2  
  198  17:14  Spore Crawler x3  
  198  17:15  Spore Crawler  
  194  17:18  Drone x4  
  194  17:20  Extractor  
  190  17:31  Zerg Flyer Weapons Level 2  
  190  17:32  Neural Parasite, Greater Spire  
  165  17:47  Infestor x15  
  194  18:00  Corruptor x2  
  197  18:17  Drone x3  
  200  18:21  Hatchery  
  200  18:25  Spore Crawler  
  198  18:27  Drone x2  
  198  18:31  Zergling x14  
  197  18:35  Zergling x2  
  197  18:36  Zergling x2  
  199  18:48  Spore Crawler  
  198  18:49  Spore Crawler x2  
  193  19:04  Zergling x2  
  193  19:05  Zergling x10  
  199  19:14  Hatchery  
  197  19:24  Zerg Flyer Armor Level 2  
  197  19:28  Burrow  
  197  19:29  Overseer x3  
  197  19:33  Hatchery  
  196  19:44  Zergling x6  
  193  19:55  Zergling x32  
  193  19:59  Extractor  
  199  20:00  Extractor  
  199  20:05  Zergling x2  
  199  20:06  Zergling x12  
  199  20:26  Baneling x4  
  199  20:27  Baneling  
  199  20:28  Drone  
  199  20:37  Baneling x9  
  195  20:55  Spore Crawler  
  195  20:56  Zergling x2  
  195  20:57  Zergling x28  
  178  20:59  Spore Crawler  
  178  21:01  Corruptor x6  
  193  21:07  Corruptor  
  193  21:08  Zergling x2  
  193  21:09  Corruptor  
  193  21:10  Zergling x4  
Show
View Real Time Build Order
Export as new Build Order

ShoWTimE Protoss 

Build Orders: 1 Gate Expand, Oracle Opening, Phoenix Opening, Archon Immortal 

Get SALT Encoding   

  12  0:00  Probe  
  13  0:12  Probe  
  14  0:18  Pylon  
  14  0:24  Probe  
  15  0:32  Probe  
  15  0:40  Gateway, Probe  
  16  0:46  Assimilator  
  17  0:51  Probe  
  18  1:03  Probe  
  19  1:15  Probe  
  20  1:25  Nexus  
  20  1:28  Probe  
  21  1:38  Cybernetics Core  
  21  1:41  Probe  
  21  1:46  Assimilator  
  22  1:52  Pylon  
  22  1:56  Probe  
  23  2:05  Stalker  
  23  2:10  Probe  
  26  2:20  Stargate  
  27  2:22  Probe  
  27  2:28  Warp Gate  
  27  2:33  Probe  
  27  2:35  Probe  
  27  2:36  Adept  
  31  2:41  Probe  
  31  2:47  Probe  
  31  2:50  Probe  
  33  2:54  Oracle  
  34  2:59  Probe x2  
  39  3:07  Probe  
  39  3:11  Pylon, Probe  
  41  3:17  Probe  
  42  3:22  Gateway  
  42  3:23  Probe  
  42  3:25  Phoenix  
  43  3:29  Probe  
  43  3:32  Assimilator  
  46  3:35  Probe, Assimilator  
  47  3:41  Probe  
  47  3:44  Oracle  
  47  3:45  Pylon  
  47  3:47  Probe  
  49  3:53  Probe  
  53  3:59  Probe  
  54  4:05  Probe  
  54  4:09  Robotics Facility  
  55  4:11  Pylon, Probe  
  55  4:17  Oracle  
  56  4:18  Probe  
  56  4:23  Probe  
  61  4:31  Adept  
  61  4:32  Sentry  
  61  4:37  Nexus  
  65  4:38  Probe  
  65  4:39  Pylon, Probe  
  67  4:48  Warp Prism  
  67  4:50  Probe  
  67  4:51  Probe  
  71  5:05  Probe x2  
  73  5:08  Pylon  
  73  5:09  Sentry  
  73  5:13  Forge  
  73  5:14  Twilight Council  
  75  5:17  Observer, Probe x2  
  75  5:20  Pylon  
  78  5:29  Probe x2  
  78  5:35  Gateway x2  
  80  5:37  Immortal  
  80  5:41  Probe x2  
  79  5:49  Probe  
  84  5:53  Probe  
  84  5:54  Probe  
  84  5:56  Protoss Ground Weapons Level 1  
  86  6:00  Templar Archives, Charge  
  86  6:01  Probe  
  87  6:05  Probe, Assimilator  
  87  6:06  Immortal, Probe  
  87  6:09  Assimilator  
  89  6:13  Pylon, Probe  
  89  6:18  Probe  
  92  6:28  Gateway, Probe  
  92  6:29  Gateway  
  93  6:33  Gateway  
  93  6:35  Gateway  
  93  6:37  Pylon  
  93  6:38  High Templar  
  93  6:39  High Templar  
  97  6:44  High Templar, Archon  
  97  6:45  High Templar  
  101  6:47  Immortal  
  101  6:49  Pylon  
  101  6:55  Archon  
  105  7:07  Pylon  
  105  7:11  Pylon  
  105  7:16  Psionic Storm  
  105  7:19  High Templar  
  105  7:22  Gateway  
  107  7:23  Gateway  
  107  7:25  Pylon  
  107  7:26  High Templar  
  107  7:27  Pylon  
  109  7:32  High Templar  
  111  7:41  High Templar  
  111  7:42  Warp Prism  
  115  7:45  Nexus  
  115  7:47  Pylon  
  115  7:53  Protoss Ground Weapons Level 2  
  115  7:56  Pylon  
  115  8:05  High Templar x2  
  119  8:10  Photon Cannon, Zealot x5  
  119  8:12  Photon Cannon  
  129  8:14  Photon Cannon  
  129  8:17  Shield Battery  
  129  8:19  Shield Battery  
  129  8:21  Shield Battery  
  129  8:24  Zealot  
  118  8:39  Zealot x6  
  116  8:42  Zealot  
  112  8:49  High Templar  
  112  9:00  High Templar x3  
  112  9:01  Zealot x4, High Templar  
  128  9:05  Archon x2  
  128  9:07  Nexus  
  128  9:09  Pylon  
  126  9:11  Pylon  
  126  9:12  Immortal  
  126  9:17  Pylon  
  126  9:20  High Templar  
  126  9:21  High Templar  
  134  9:25  Archon  
  134  9:29  Photon Cannon  
  134  9:32  Photon Cannon  
  134  9:33  Photon Cannon  
  134  9:36  Photon Cannon  
  134  9:37  Photon Cannon, High Templar x2  
  134  9:38  Zealot x5  
  148  9:42  Shield Battery, Archon  
  140  9:49  Assimilator  
  140  9:53  Assimilator  
  140  9:55  Photon Cannon, Probe x3  
  143  10:01  Zealot  
  143  10:02  Zealot x5  
  155  10:13  Fleet Beacon  
  155  10:14  Probe  
  155  10:15  Stargate  
  148  10:21  Zealot x2  
  148  10:23  Probe  
  148  10:26  Probe x2  
  151  10:31  High Templar x2  
  151  10:35  Archon  
  151  10:44  Warp Prism  
  151  10:45  Zealot x7  
  151  10:46  Mothership  
  151  10:49  Stargate  
  149  11:16  Zealot x6  
  161  11:22  High Templar x3, Tempest x2  
  161  11:23  Protoss Ground Weapons Level 3, High Templar  
  161  11:27  Archon  
  161  11:28  Tempest  
  176  11:46  Protoss Air Weapons Level 1  
  176  11:50  Pylon  
  170  12:01  Nexus  
  170  12:02  Pylon, Zealot  
  170  12:03  Zealot x3  
  170  12:04  Tempest  
  170  12:07  Tempest  
  186  12:32  Photon Cannon  
  186  12:34  Photon Cannon  
  186  12:35  Carrier  
  186  12:36  Photon Cannon  
  180  12:49  Shield Battery  
  180  12:51  Assimilator  
  180  12:54  Zealot x6, Assimilator  
  180  12:55  Zealot x2  
  180  12:56  Zealot  
  198  13:00  Zealot  
  172  13:13  Carrier  
  172  13:15  Carrier  
  174  13:32  Robotics Bay  
  174  13:34  Carrier, Robotics Facility  
  174  13:37  Zealot x3  
  184  13:52  Zealot x6  
  170  13:58  Zealot x2  
  170  13:59  Probe  
  141  14:03  Probe  
  141  14:05  Probe  
  141  14:07  Probe  
  141  14:08  Probe  
  144  14:11  Probe  
  144  14:13  Probe  
  144  14:15  Probe  
  144  14:20  Probe x2  
  144  14:22  Probe  
  146  14:25  High Templar  
  146  14:26  Probe, High Templar x2  
  150  14:31  Archon  
  150  14:32  High Templar x2  
  150  14:38  Probe x2  
  156  14:40  High Templar  
  158  14:46  Probe  
  158  14:50  Observer  
  159  15:07  Zealot x2  
  161  15:10  Zealot x3  
  161  15:11  Zealot x3  
  173  15:14  Zealot  
  173  15:17  Zealot  
  170  15:27  High Templar x2  
  174  15:29  Pylon  
  174  15:32  Archon  
  174  15:35  High Templar x5  
  184  15:36  Observer  
  184  15:38  Archon  
  184  15:39  Archon  
  184  15:41  High Templar  
  187  15:46  Archon  
  186  15:51  Warp Prism  
  183  16:11  Zealot x4  
  156  16:19  Probe x2  
  156  16:21  Probe  
  156  16:24  Probe  
  112  16:27  Probe x2  
  112  16:29  Probe  
  113  16:36  Probe x3, High Templar x4  
  113  16:38  Probe  
  125  16:41  Archon x2  
  122  16:48  Probe x3  
  122  16:50  Probe  
  118  16:58  Pylon  
  118  17:00  Probe  
  119  17:12  High Templar x4  
  127  17:16  Archon x2  
  127  17:26  High Templar x2  
  127  17:27  High Templar  
  129  17:30  Archon  
  115  17:46  High Templar x4  
  123  17:55  Pylon  
  123  18:05  Zealot  
  123  18:06  High Templar  
  123  18:11  High Templar  
  129  18:12  Nexus  
  129  18:14  Pylon  
  129  18:17  Archon  
  129  18:22  Zealot x2  
  133  18:29  Probe x2  
  133  18:32  Probe  
  136  18:38  Probe x2  
  136  18:40  Probe x2  
  137  18:46  Probe  
  139  18:50  Probe x2  
  142  18:56  Probe  
  143  19:08  High Templar x2  
  143  19:09  High Templar x2  
  151  19:13  Archon x2  
  147  19:17  Probe x3  
  147  19:18  Probe  
  151  19:31  Zealot  
  153  19:41  Nexus  
  153  19:43  Pylon  
  151  19:56  Stalker x3  
  156  20:04  Zealot  
  156  20:06  Probe x4  
  141  20:18  Probe x3  
  142  20:32  Probe x3  
  145  20:40  High Templar  
  145  20:41  High Templar x3  
  153  20:46  Archon  
  122  21:08  Zealot x2  
  126  21:12  Zealot x2  
  126  21:17  Observer  
  105  21:42  Assimilator  
Tags
 
Add a new tag
Caveats
  • Supply blocks, unpowered buildings, or Contaminate may cause inaccurate times.
  • Supply counts are checked every 10 seconds.